| TOP OF THE 1ST |
|
Dayton Dragons batting - Pitching for Hagerstown Suns : RHP Chris Close
|
|
Pitching: RHP Chris Close
|
|
|
Batting: RHB Tim Walter
|
0-0: Called Strike 0-1: Ground out 6-3 (Groundball, 6, EV 91.9 MPH)
|
|
Batting: LHB Matthew Berry
|
0-0: Called Strike 0-1: Foul Ball, location: 2F 0-2: Ball 1-2: Ball 2-2: Foul Ball, location: 2F 2-2: Ball 3-2: Base on Balls
|
|
Batting: LHB Chris Grunwald
|
0-0: Ball 1-0: Called Strike 1-1: Called Strike 1-2: Strikes out looking
|
|
Batting: SHB Kristian Kristensen
|
0-0: Ball 1-0: Ball 2-0: Ball 3-0: Base on Balls Matthew Berry to second
|
|
Batting: RHB Bruno André
|
0-0: Ball 1-0: Ball 2-0: Called Strike 2-1: Foul Ball, location: 2F 2-2: Strikes out swinging
|
| Top of the 1st over - 0 runs, 0 hits, 0 errors, 2 left on base; Dayton 0 - Hagerstown 0 |
| BOTTOM OF THE 1ST |
|
Hagerstown Suns batting - Pitching for Dayton Dragons : RHP Arturo Naranjo
|
|
Pitching: RHP Arturo Naranjo
|
|
|
Batting: LHB Ben Montgomery
|
0-0: SINGLE (Groundball, 4D, EV 98.8 MPH)
|
|
Batting: RHB Jon Metzler
|
0-0: Ball 1-0: SINGLE (Groundball, 6MD, EV 98.8 MPH) Ben Montgomery to second
|
|
Batting: RHB Kevin Wick
|
0-0: Called Strike Ben Montgomery steals 3rd base 0-1: Grounds into double play, 6-4-3 (Groundball, 6, EV 84.4 MPH) Ben Montgomery scores
|
|
Batting: RHB Justin Slifka
|
0-0: Foul Ball, location: 2F 0-1: Foul Ball, location: 2F 0-2: SINGLE (Line Drive, 9LS, EV 91.3 MPH)
|
|
Batting: RHB Jeff Page
|
0-0: Foul Ball, location: 2F 0-1: Foul Ball, location: 2F 0-2: Ball 1-2: Ball 2-2: Ball 3-2: Foul Ball, location: 2F 3-2: Ground out 4-3 (Groundball, 4, EV 111.3 MPH)
|
| Bottom of the 1st over - 1 run, 3 hits, 0 errors, 1 left on base; Dayton 0 - Hagerstown 1 |
| TOP OF THE 2ND |
|
Dayton Dragons batting - Pitching for Hagerstown Suns : RHP Chris Close
|
|
Batting: RHB Jonathan Davis
|
0-0: Foul Ball, location: 2F 0-1: Swinging Strike 0-2: Strikes out swinging
|
|
Batting: RHB Pat Grover
|
0-0: Foul Ball, location: 2F 0-1: Ball 1-1: Ball 2-1: Ground out 3-1 (Groundball, 34S, EV 79.4 MPH)
|
|
Batting: RHB Frank Moron
|
0-0: Ball 1-0: Ground out 2-3 (Groundball, 13S, EV 61.9 MPH)
|
| Top of the 2nd over - 0 runs, 0 hits, 0 errors, 0 left on base; Dayton 0 - Hagerstown 1 |
| BOTTOM OF THE 2ND |
|
Hagerstown Suns batting - Pitching for Dayton Dragons : RHP Arturo Naranjo
|
|
Batting: RHB Joe Young
|
0-0: Foul Ball, location: 2F 0-1: Ball 1-1: Foul Ball, location: 2F 1-2: Ball 2-2: Ball 3-2: Foul Ball, location: 2F 3-2: Reached on error, E4 (Groundball, 4, EV 93.8 MPH)
|
|
Batting: RHB Tony Madrigal
|
0-0: Foul Ball, location: 2F 0-1: Called Strike 0-2: Ball 1-2: Foul Ball, location: 2F 1-2: Ball 2-2: Strikes out swinging
|
|
Batting: RHB Scott Skoglund
|
0-0: Ball 1-0: Called Strike 1-1: Ball 2-1: DOUBLE (Line Drive, 89M, EV 106.3 MPH) Joe Young to third Runner from 3rd tries for Home, SAFE, throw by RF to home
|
|
Batting: RHB Bobby Dieter
|
0-0: Ball 1-0: Ball 2-0: Ball 3-0: Called Strike 3-1: Base on Balls
|
|
Batting: LHB Ben Montgomery
|
0-0: Fly out, F8 (Flyball, 8RXD, EV 97.5 MPH) Runner from 2nd tags up, SAFE at 3rd, no throw by CF
|
|
Batting: RHB Jon Metzler
|
0-0: Called Strike 0-1: Called Strike 0-2: Foul Ball, location: 2F 0-2: Strikes out swinging
|
| Bottom of the 2nd over - 1 run, 1 hit, 1 error, 2 left on base; Dayton 0 - Hagerstown 2 |
| TOP OF THE 3RD |
|
Dayton Dragons batting - Pitching for Hagerstown Suns : RHP Chris Close
|
|
Batting: RHB Travis Petrick
|
0-0: Ball 1-0: Foul Ball, location: 2F 1-1: Swinging Strike 1-2: Foul Ball, location: 2F 1-2: Ground out 6-3 (Groundball, 6D, EV 101.3 MPH)
|
|
Batting: RHB Tim Walter
|
0-0: Ball 1-0: Ball 2-0: Foul Ball, location: 2F 2-1: Ball 3-1: Foul Ball, location: 2F 3-2: Base on Balls
|
|
Batting: LHB Matthew Berry
|
0-0: Ball 1-0: Grounds out, U3 (Groundball, 3L, EV 109.4 MPH)
|
|
Batting: LHB Chris Grunwald
|
0-0: Foul Ball, location: 2F 0-1: Foul Ball, location: 2F 0-2: Foul Ball, location: 2F 0-2: Ball 1-2: Fly out, F7 (Flyball, 78M, EV 93.1 MPH)
|
| Top of the 3rd over - 0 runs, 0 hits, 0 errors, 1 left on base; Dayton 0 - Hagerstown 2 |
| BOTTOM OF THE 3RD |
|
Hagerstown Suns batting - Pitching for Dayton Dragons : RHP Arturo Naranjo
|
|
Batting: RHB Kevin Wick
|
0-0: Swinging Strike 0-1: Ball 1-1: Called Strike 1-2: Strikes out swinging
|
|
Batting: RHB Justin Slifka
|
0-0: Foul Ball, location: 2F 0-1: Ball 1-1: Ball 2-1: Fly out, F9 (Flyball, 89XD, EV 105.0 MPH)
|
|
Batting: RHB Jeff Page
|
0-0: Ball 1-0: Ball 2-0: Called Strike 2-1: Called Strike 2-2: Ball 3-2: SINGLE (Groundball, 4D, EV 96.3 MPH)
|
|
Batting: RHB Joe Young
|
0-0: Called Strike 0-1: Ball 1-1: Ball 2-1: Ball 3-1: Called Strike Jeff Page steals 2nd, throwing error, E2 Jeff Page to third 3-2: Base on Balls
|
|
Batting: RHB Tony Madrigal
|
0-0: Called Strike 0-1: Called Strike 0-2: Foul Ball, location: 2F 0-2: SINGLE (Flyball, 8RS, EV 84.4 MPH) Jeff Page scores Joe Young to second
|
|
Batting: RHB Scott Skoglund
|
0-0: Called Strike 0-1: Called Strike 0-2: Ball 1-2: Ball 2-2: Fly out, F9 (Flyball, 9LM, EV 86.9 MPH)
|
| Bottom of the 3rd over - 1 run, 2 hits, 1 error, 2 left on base; Dayton 0 - Hagerstown 3 |
| TOP OF THE 4TH |
|
Dayton Dragons batting - Pitching for Hagerstown Suns : RHP Chris Close
|
|
Batting: SHB Kristian Kristensen
|
0-0: Foul Ball, location: 2F 0-1: Foul Ball, location: 2F 0-2: Ball 1-2: Ball 2-2: Ball 3-2: Base on Balls
|
|
Batting: RHB Bruno André
|
0-0: Foul Ball, location: 2F 0-1: Called Strike 0-2: Foul Ball, location: 2F 0-2: Ball 1-2: Ball 2-2: Foul Ball, location: 2F 2-2: Ball 3-2: 2-RUN HOME RUN (Flyball, 7D, EV 105.0 MPH), Distance : 399 ft
|
|
Batting: RHB Jonathan Davis
|
0-0: Ball 1-0: Called Strike 1-1: Ball 2-1: Called Strike 2-2: Strikes out swinging
|
|
Batting: RHB Pat Grover
|
0-0: Fly out, F7 (Flyball, 78M, EV 91.9 MPH)
|
|
Batting: RHB Frank Moron
|
0-0: Called Strike 0-1: Foul Ball, location: 2F 0-2: Strikes out swinging
|
| Top of the 4th over - 2 runs, 1 hit, 0 errors, 0 left on base; Dayton 2 - Hagerstown 3 |
| BOTTOM OF THE 4TH |
|
Hagerstown Suns batting - Pitching for Dayton Dragons : RHP Arturo Naranjo
|
|
Batting: RHB Bobby Dieter
|
0-0: Ball 1-0: Ball 2-0: Ball 3-0: Base on Balls
|
|
Batting: LHB Ben Montgomery
|
0-0: Called Strike 0-1: SINGLE (Groundball, 6S, EV 73.1 MPH) (infield hit) Bobby Dieter to second
|
|
Batting: RHB Jon Metzler
|
0-0: Foul Ball, location: 2F 0-1: Ball 1-1: Swinging Strike 1-2: Strikes out swinging
|
|
Batting: RHB Kevin Wick
|
0-0: Called Strike 0-1: Ball 1-1: TRIPLE (Line Drive, 89XD, EV 105.6 MPH) Bobby Dieter scores Ben Montgomery scores
|
|
Batting: RHB Justin Slifka
|
0-0: Called Strike 0-1: Called Strike 0-2: Ball 1-2: Ball 2-2: Foul Ball, location: 2F 2-2: Ball 3-2: Base on Balls
|
|
Batting: RHB Jeff Page
|
0-0: Called Strike 0-1: Called Strike 0-2: Foul Ball, location: 2F 0-2: Foul Ball, location: 2F 0-2: Ball 1-2: Ball 2-2: Strikes out swinging
|
|
Batting: RHB Joe Young
|
0-0: Ball 1-0: Ball 2-0: Swinging Strike 2-1: Foul Ball, location: 2F 2-2: Strikes out swinging
|
| Bottom of the 4th over - 2 runs, 2 hits, 0 errors, 2 left on base; Dayton 2 - Hagerstown 5 |
| TOP OF THE 5TH |
|
Dayton Dragons batting - Pitching for Hagerstown Suns : RHP Chris Close
|
|
Batting: RHB Travis Petrick
|
0-0: Swinging Strike 0-1: Swinging Strike 0-2: Ball 1-2: Ground out 5-3 (Groundball, 56, EV 88.8 MPH)
|
|
Batting: RHB Tim Walter
|
0-0: Ball 1-0: Ball 2-0: Ball 3-0: Called Strike 3-1: Foul Ball, location: 2F 3-2: Foul Ball, location: 2F 3-2: Base on Balls
|
|
Batting: LHB Matthew Berry
|
0-0: Ball 1-0: Ball 2-0: Ball 3-0: Called Strike 3-1: Foul Ball, location: 2F 3-2: Base on Balls Tim Walter to second
|
|
Batting: LHB Chris Grunwald
|
0-0: Ball 1-0: Ball 2-0: Foul Ball, location: 2F 2-1: Foul Ball, location: 2F 2-2: SINGLE (Line Drive, 34D, EV 96.3 MPH) Tim Walter to third Matthew Berry to second
|
|
Batting: SHB Kristian Kristensen
|
0-0: Fly out, F9 (Flyball, 89M, EV 86.9 MPH)
|
|
Batting: RHB Bruno André
|
0-0: Fielders Choice at 2nd, 6-4 (Groundball, 6, EV 102.5 MPH)
|
| Top of the 5th over - 0 runs, 1 hit, 0 errors, 3 left on base; Dayton 2 - Hagerstown 5 |
| BOTTOM OF THE 5TH |
|
Hagerstown Suns batting - Pitching for Dayton Dragons : RHP Arturo Naranjo
|
|
Batting: RHB Tony Madrigal
|
0-0: Called Strike 0-1: Swinging Strike 0-2: Ground out 6-3 (Groundball, 6, EV 99.4 MPH)
|
|
Batting: RHB Scott Skoglund
|
0-0: Called Strike 0-1: Ball 1-1: Foul Ball, location: 2F 1-2: Foul Ball, location: 2F 1-2: Ball 2-2: SOLO HOME RUN (Flyball, 78XD, EV 100.6 MPH), Distance : 407 ft
|
|
Batting: RHB Bobby Dieter
|
0-0: Ball 1-0: Fly out, F8 (Line Drive, 8LD, EV 95.6 MPH)
|
|
Batting: LHB Ben Montgomery
|
0-0: Foul Ball, location: 2F 0-1: SOLO HOME RUN (Flyball, 7LD, EV 96.3 MPH), Distance : 357 ft
|
|
Pitching: RHP Doug Elliott
|
|
|
Batting: RHB Jon Metzler
|
0-0: Called Strike 0-1: Foul Ball, location: 2F 0-2: Strikes out swinging
|
| Bottom of the 5th over - 2 runs, 2 hits, 0 errors, 0 left on base; Dayton 2 - Hagerstown 7 |
| TOP OF THE 6TH |
|
Dayton Dragons batting - Pitching for Hagerstown Suns : RHP Chris Close
|
|
Batting: RHB Jonathan Davis
|
0-0: Ball 1-0: Ground out 5-3 (Groundball, 56, EV 85.6 MPH)
|
|
Batting: RHB Pat Grover
|
0-0: Ball 1-0: Called Strike 1-1: Foul Ball, location: 2F 1-2: Ball 2-2: Foul Ball, location: 2F 2-2: Foul Ball, location: 2F 2-2: Strikes out looking
|
|
Batting: RHB Frank Moron
|
0-0: Foul Ball, location: 2F 0-1: SINGLE (Line Drive, 8RS, EV 112.5 MPH)
|
|
Pitching: RHP Alpha Miller
|
|
|
Batting: RHB Travis Petrick
|
0-0: Ball Wild Pitch! Frank Moron to second 1-0: Ball 2-0: Ball 3-0: Called Strike 3-1: Base on Balls
|
|
Batting: RHB Tim Walter
|
0-0: SINGLE (Line Drive, 9LS, EV 107.5 MPH) Frank Moron to third Travis Petrick to second
|
|
Batting: LHB Matthew Berry
|
0-0: Ball 1-0: Ball 2-0: Called Strike 2-1: Foul Ball, location: 2F 2-2: Strikes out swinging
|
| Top of the 6th over - 0 runs, 2 hits, 0 errors, 3 left on base; Dayton 2 - Hagerstown 7 |
| BOTTOM OF THE 6TH |
|
Hagerstown Suns batting - Pitching for Dayton Dragons : RHP Doug Elliott
|
|
Batting: RHB Kevin Wick
|
0-0: Ball 1-0: Swinging Strike 1-1: Ball 2-1: Ball 3-1: Base on Balls
|
|
Batting: RHB Justin Slifka
|
0-0: Called Strike 0-1: Ball 1-1: Ball 2-1: Ball 3-1: Fielders Choice at 2nd, 6-4 (Groundball, 6, EV 78.1 MPH)
|
|
Batting: RHB Jeff Page
|
0-0: Ball 1-0: Called Strike 1-1: DOUBLE (Line Drive, 3D, EV 108.1 MPH) Justin Slifka to third
|
|
Batting: RHB Joe Young
|
0-0: Ball 1-0: Foul Ball, location: 2F 1-1: SINGLE (Groundball, 4MD, EV 96.3 MPH) Justin Slifka scores Jeff Page to third Throwing error, E8 Jeff Page scores Joe Young to second
|
|
Batting: RHB Tony Madrigal
|
0-0: Foul Ball, location: 2F 0-1: Called Strike 0-2: Ball 1-2: Strikes out looking
|
|
Batting: RHB Scott Skoglund
|
0-0: Called Strike 0-1: Foul Ball, location: 2F 0-2: Foul Ball, location: 2F 0-2: Ball 1-2: Ball 2-2: Foul Ball, location: 2F 2-2: Foul Ball, location: 2F 2-2: Strikes out swinging
|
| Bottom of the 6th over - 2 runs, 2 hits, 1 error, 1 left on base; Dayton 2 - Hagerstown 9 |
| TOP OF THE 7TH |
|
Dayton Dragons batting - Pitching for Hagerstown Suns : RHP Alpha Miller
|
|
Batting: LHB Chris Grunwald
|
0-0: Foul Ball, location: 2F 0-1: Swinging Strike 0-2: Ball 1-2: Strikes out looking
|
|
Batting: SHB Kristian Kristensen
|
0-0: Ball 1-0: Foul Ball, location: 2F 1-1: Ball 2-1: Ball 3-1: Foul Ball, location: 2F 3-2: Base on Balls
|
|
Batting: RHB Bruno André
|
0-0: Ball 1-0: Ball 2-0: Ball 3-0: Called Strike 3-1: Base on Balls Kristian Kristensen to second
|
|
Pinch Hitting: LHB Matt Kennedy
|
0-0: Ball 1-0: Called Strike 1-1: Called Strike 1-2: Ball 2-2: Foul Ball, location: 2F 2-2: Ball Wild Pitch! Kristian Kristensen to third Bruno André to second 3-2: Foul Ball, location: 2F 3-2: Foul Ball, location: 2F 3-2: Base on Balls
|
|
Batting: RHB Pat Grover
|
0-0: Foul Ball, location: 2F 0-1: Ball 1-1: Foul Ball, location: 2F 1-2: Strikes out looking
|
|
Batting: RHB Frank Moron
|
0-0: Called Strike 0-1: Swinging Strike 0-2: Ball 1-2: Strikes out swinging
|
| Top of the 7th over - 0 runs, 0 hits, 0 errors, 3 left on base; Dayton 2 - Hagerstown 9 |
| BOTTOM OF THE 7TH |
|
Hagerstown Suns batting - Pitching for Dayton Dragons : RHP Doug Elliott
|
|
Pitching: RHP Justin Ambrose
|
|
|
Now in CF: Leo Gomez
|
|
|
Batting: RHB Bobby Dieter
|
0-0: Ground out 5-3 (Groundball, 5, EV 86.9 MPH)
|
|
Batting: LHB Ben Montgomery
|
0-0: SINGLE (Line Drive, 9S, EV 110.0 MPH)
|
|
Batting: RHB Jon Metzler
|
0-0: Ball 1-0: Ball 2-0: Called Strike Ben Montgomery steals 2nd base (no throw) 2-1: Ball 3-1: Base on Balls
|
|
Batting: LHB Rich Hannus
|
0-0: DOUBLE (Groundball, 3L, EV 96.3 MPH) Ben Montgomery scores Jon Metzler to third Runner from 3rd tries for Home, SAFE, throw by RF to trailing runner, SAFE at third!
|
|
Batting: RHB Justin Slifka
|
0-0: Ball 1-0: Foul Ball, location: 2F 1-1: Fly out, F7 (Flyball, 7LD, EV 104.4 MPH) Runner from 3rd tags up, SCORES, no throw by LF
|
|
Batting: RHB Jeff Page
|
0-0: Called Strike 0-1: Foul Ball, location: 2F 0-2: Ground out 6-3 (Groundball, 6, EV 101.3 MPH)
|
| Bottom of the 7th over - 3 runs, 2 hits, 0 errors, 0 left on base; Dayton 2 - Hagerstown 12 |
| TOP OF THE 8TH |
|
Dayton Dragons batting - Pitching for Hagerstown Suns : RHP Alpha Miller
|
|
Batting: RHB Travis Petrick
|
0-0: Ball 1-0: Swinging Strike 1-1: Foul Ball, location: 2F 1-2: SINGLE (Groundball, 56D, EV 101.3 MPH)
|
|
Batting: RHB Tim Walter
|
0-0: Ball 1-0: Swinging Strike 1-1: Ball 2-1: Ball 3-1: Swinging Strike 3-2: Strikes out looking
|
|
Batting: LHB Matthew Berry
|
0-0: Called Strike 0-1: Grounds into double play, 3-6-3 (Groundball, 34, EV 87.5 MPH)
|
| Top of the 8th over - 0 runs, 1 hit, 0 errors, 0 left on base; Dayton 2 - Hagerstown 12 |
| BOTTOM OF THE 8TH |
|
Hagerstown Suns batting - Pitching for Dayton Dragons : RHP Justin Ambrose
|
|
Batting: RHB Joe Young
|
0-0: Ball 1-0: Called Strike 1-1: Ball 2-1: Foul Ball, location: 2F 2-2: Foul Ball, location: 2F 2-2: Ground out 5-3 (Groundball, 15, EV 83.1 MPH)
|
|
Batting: RHB Tony Madrigal
|
0-0: Ball 1-0: Foul Ball, location: 2F 1-1: Ball 2-1: Ball 3-1: Base on Balls
|
|
Batting: RHB Scott Skoglund
|
0-0: Ball 1-0: Ball 2-0: Ball 3-0: Base on Balls Tony Madrigal to second
|
|
Batting: RHB Bobby Dieter
|
0-0: SINGLE (Groundball, 6D, EV 100.0 MPH) Tony Madrigal to third Scott Skoglund to second Runner from 3rd tries for Home, SAFE, throw by CF to home
|
|
Pitching: LHP Tim Ketcham
|
|
|
Batting: LHB Ben Montgomery
|
0-0: Called Strike 0-1: Fielders Choice at 2nd, 4-6 (Groundball, 4, EV 99.4 MPH) Scott Skoglund to third
|
|
Batting: RHB Jon Metzler
|
0-0: Ball 1-0: Called Strike 1-1: SINGLE (Groundball, 56D, EV 106.9 MPH) Scott Skoglund scores Ben Montgomery to second
|
|
Batting: LHB Rich Hannus
|
0-0: Called Strike 0-1: Ball 1-1: Ball 2-1: Foul Ball, location: 2F 2-2: Strikes out swinging
|
| Bottom of the 8th over - 2 runs, 2 hits, 0 errors, 2 left on base; Dayton 2 - Hagerstown 14 |
| TOP OF THE 9TH |
|
Dayton Dragons batting - Pitching for Hagerstown Suns : RHP Alpha Miller
|
|
Batting: LHB Chris Grunwald
|
0-0: Ball 1-0: SOLO HOME RUN (Flyball, 7D, EV 101.3 MPH), Distance : 374 ft
|
|
Batting: SHB Kristian Kristensen
|
0-0: Ball 1-0: Ball 2-0: Ball 3-0: Base on Balls
|
|
Batting: RHB Bruno André
|
0-0: Foul Ball, location: 2F 0-1: Ball 1-1: Ball Wild Pitch! Kristian Kristensen to second 2-1: 2-RUN HOME RUN (Flyball, 78XD, EV 99.4 MPH), Distance : 402 ft
|
|
Pitching: RHP Gilberto Ricalde
|
|
|
Batting: LHB Leo Gomez
|
0-0: Ball 1-0: Ball 2-0: SINGLE (Groundball, 25, EV 60.6 MPH) (infield hit)
|
|
Batting: RHB Pat Grover
|
0-0: Called Strike 0-1: Ball 1-1: Foul Ball, location: 2F 1-2: Strikes out looking
|
|
Pinch Hitting: LHB Andrew Hamm
|
0-0: Ball 1-0: Called Strike 1-1: Foul Ball, location: 2F 1-2: Ball 2-2: Foul Ball, location: 2F 2-2: Strikes out swinging
|
|
Batting: RHB Travis Petrick
|
0-0: Ball 1-0: Ball 2-0: Called Strike 2-1: Called Strike 2-2: Foul Ball, location: 2F 2-2: Ball 3-2: Strikes out swinging
|
| Top of the 9th over - 3 runs, 3 hits, 0 errors, 1 left on base; Dayton 5 - Hagerstown 14 |
|